 Dungeon Crawl Stone Soup version 0.29-a0-121-g8efb068 (webtiles) character file.

Game seed: 774281525379279186

66667 Nothus the Carver (level 15, -7/112 (115) HPs)
             Began as a Barachi Fighter on Oct 28, 2020.
             Was a Plaything of Xom.
             Mangled by an orc warlord (21 damage)
             ... on level 2 of the Orcish Mines on Feb 20, 2022.
             The game lasted 03:32:41 (23854 turns).

Nothus the Carver (Barachi Fighter)                Turns: 23854, Time: 03:32:51

HP:   -7/112 (115)  AC: 17    Str: 33 (34) XL:     15   Next: 20%
MP:   13/15         EV: 16    Int:  9      God:    Xom [...*..]
Gold: 1856          SH: 15    Dex: 24      Spells: 14/14 levels left

rFire   . . .      SeeInvis .   r - +4 scimitar (flame)
rCold   . . .      Faith    .   c - +0 kite shield
rNeg    . . .      Spirit   .   i - +4 chain mail of Indemnity {+Blink}
rPois   .          Reflect  .   f - +1 hat of Weightlessness {Dex+4}
rElec   .          Harm     .   g - +0 cloak
rCorr   .          Rampage  .   (no gloves)
Will    +....                   u - +0 pair of boots
Stlth   +.........              U - amulet of Ukhaoquf {Regen+ Str+4}
HPRegen 1.08/turn               q - +6 ring of strength
MPRegen 0.14/turn               w - +6 ring of strength

@: on blink cooldown, lightly drained, unable to read, slow
A: amphibious, slowness 1, strong legs 2, +LOS, horns 1, camouflage 1, agile 2,
deformed body, deterioration 1, dopey 1, sense surroundings 1, inability to read
while threatened, sturdy frame 1
a: Hop, Renounce Religion, Evoke Blink


You were on level 2 of the Orcish Mines.
You worshipped Xom.
You were a favourite toy of Xom.
You visited 4 branches of the dungeon, and saw 20 of its levels.

You collected 1856 gold pieces.

Inventory:

Hand Weapons
 r - a +4 scimitar of flaming (weapon)
 T - the +11 scimitar of Vidovoesyq {spect, Fragile Will++ Str+3}
   (You found it on level 2 of the Lair of Beasts)

   When its wielder attacks, the weapon's spirit leaps out and strikes again.
   The spirit shares a part of any damage it takes with its wielder.
   Str:       It affects your strength (+3).
   Fragile:   It will be destroyed if unequipped.
   Will:      It greatly increases your willpower.
Missiles
 h - 12 boomerangs (quivered)
 y - 2 boomerangs of dispersal
 z - 7 javelins
 Z - 4 silver javelins
Armour
 c - a +0 kite shield (worn)
 f - the +1 hat of Weightlessness (worn) {Dex+4}
   (You acquired it on level 4 of the Dungeon)

   Dex:       It affects your dexterity (+4).
 g - a +0 cloak (worn)
 i - the +4 chain mail of Indemnity (worn) {+Blink}
   (You found it on level 10 of the Dungeon)

   +Blink:    It lets you blink.
 u - a +0 pair of boots (worn)
 M - a +1 scale mail of fire resistance
Jewellery
 k - a ring of poison resistance
 q - a +6 ring of strength (left hand)
 w - a +6 ring of strength (right hand)
 B - a +4 ring of evasion
 N - a ring of flight
 S - a ring of ice
 U - the amulet of Ukhaoquf (around neck) {Regen+ Str+4}
   (You found it on level 2 of the Lair of Beasts)

   [amulet of regeneration]

   Str:       It affects your strength (+4).
   Regen:     It increases your rate of health regeneration.
 V - the ring of Wocytwah {rElec rF+}
   (You found it on level 2 of the Lair of Beasts)

   [ring of protection from fire]

   rF:        It protects you from fire.
   rElec:     It insulates you from electricity.
Wands
 t - a wand of polymorph (2)
 D - a wand of acid (1)
 L - a wand of iceblast (19)
Scrolls
 a - a scroll of holy word
 e - 4 scrolls of teleportation
 l - 6 scrolls of immolation
 C - 4 scrolls of magic mapping
 I - a scroll of enchant weapon
 J - 2 scrolls of fog
 O - a scroll of vulnerability
 Q - 2 scrolls of fear
Potions
 b - 2 potions of lignification
 d - a potion of might
 m - 3 potions of berserk rage
 o - 6 potions of curing
 p - 2 potions of brilliance
 s - 2 potions of magic
 A - a potion of cancellation
 G - 2 potions of ambrosia
 H - 2 potions of flight
 Y - a potion of mutation
Miscellaneous
 K - a phial of floods
 P - a condenser vane (inert)
 W - a phantom mirror


   Skills:
 - Level 10.0 Fighting
 - Level 14.0 Long Blades
 - Level 10.0 Throwing
 - Level 14.0 Armour
 + Level 9.1 Dodging
 - Level 14.0 Shields
 - Level 10.0 Evocations


You had 14 spell levels left.
You didn't know any spells.
Your spell library contained the following spells:

 Spells                   Type           Power      Damage    Failure   Level
 Summon Small Mammal      Summ           0%         N/A       86%         1
 Corpse Rot               Necr/Air       0%         N/A       95%         2
 Call Canine Familiar     Summ           0%         N/A       99%         3
 Dazzling Flash           Conj/Hex       0%         N/A       99%         3
 Summon Guardian Golem    Hex/Summ       0%         N/A       99%         3
 Dispel Undead            Necr           0%         3d6       100%        4
 Agony                    Necr           0%         N/A       100%        5
 Fireball                 Conj/Fire      0%         3d3       100%        5
 Silence                  Hex/Air        0%         N/A       100%        5
 Death Channel            Necr           0%         N/A       100%        6
 Starburst                Conj/Fire      0%         6d3       100%        6
 Summon Cactus Giant      Summ           0%         N/A       100%        6
 Haunt                    Necr/Summ      0%         N/A       100%        7
 Malign Gateway           Summ/Tloc      0%         N/A       100%        7
 Ignition                 Fire           0%         3d3       100%        8


Dungeon Overview and Level Annotations

Branches:
Dungeon (11/15)            Temple (1/1) D:7            Lair (6/6) D:10
  Swamp (0/4) Lair:2        Snake (0/4) Lair:3        Slime (0/5) Lair:6
    Orc (2/2) D:11            Elf (0/3) Orc:2

Altars:
Cheibriados
Dithmenos
Elyvilon
Fedhas
Gozag
Hepliaklqana
Makhleb
Nemelex Xobeh
Okawaru
Qazlal
Uskayaw
Vehumet
Wu Jian
Xom
Yredelemnul
Zin
The Shining One
Beogh

Shops:
Orc:2 (


Innate Abilities, Weirdness & Mutations

You are amphibious.
You cover ground slowly.
You can hop long distances.
You have an extended range of vision and can be seen from far away.
You have a pair of small horns on your head.
Your skin changes colour to match your surroundings (Stealth+).
You are very agile. (Dex +4)
Armour fits poorly on your strangely shaped body.
Your body sometimes deteriorates upon taking damage.
You are dopey. (Int -2)
You passively map a small area around you.
You sometimes lose the ability to read scrolls when taking damage.
Your movements are slightly less encumbered by armour. (ER -2)


Message History

MASSIVE DAMAGE!!
You blink.
The sixfirhy is engulfed in blazing flames.
The orc sorcerer is engulfed in blazing flames.
You block the orc sorcerer's attack.
The orc high priest mumbles some strange prayers to Beogh against you.
Beogh smites you!
* * * LOW HITPOINT WARNING * * *
The neqoxec is engulfed in blazing flames.
The ice devil is engulfed in blazing flames.
You take 9 damage, and have 20/110 hp.
You now have 14/15 mp.
Okay, then.
You barely miss the orc sorcerer. You headbutt the orc sorcerer.
The orc sorcerer is severely wounded.
The orc warlord is engulfed in blazing flames.
The orc sorcerer is engulfed in blazing flames.
You kill the orc sorcerer!
The sixfirhy disappears in a puff of smoke!
The neqoxec disappears in a puff of smoke!
Your Dodging skill increases to level 9!
You closely miss the orc sorcerer. Your headbutt misses the orc sorcerer.
The orc sorcerer is severely wounded.
The ice devil is engulfed in blazing flames.
You kill the ice devil!
The ice devil disappears in a puff of smoke!
The orc sorcerer closely misses you.
The orc warlord is engulfed in blazing flames.
You slash the orc sorcerer! You burn the orc sorcerer.
You kill the orc sorcerer!
You feel stable enough to blink again.
The orc warlord is engulfed in blazing flames.
The orc warlord is engulfed in blazing flames.
You blink.
You are engulfed in blazing flames.
* * * LOW HITPOINT WARNING * * *
Xom opens a gate.
You block the orc high priest's attack.
The orc warlord hits you with a +0 long sword!!
You die...
Xom howls with laughter!

##......##)##....#* #
#.......#.))#....## #
#.......#...#.....###
####.#.#..#.8.#.......# ###
##.#######.#####........
##.###...###.#o..............
##...#.#...#§.o#..............
#..........#o§§§§§.o..........
##.#.#.....).@§5§§§§{.........
#####...#...§§§§§§§...§......
##.....§.§§§.§§..........
#....##.§§§.§§.#........
##.#####§§§§§§.......... ###
##§#§§...........
###.§...........
##............ ###.#........


You could see an orc warlord, an orc high priest (strong), an orc warrior
(strong), an orc (strong) and a friendly shadow imp (summoned).

Vanquished Creatures
  The ghost of AlexanderH the Transmogrifier, a journeyman DrIE of Vehumet (Lair:6)
  Harold (D:7)
  2 boulder beetles
  11 hydras
  A centaur warrior (D:9)
  A two-headed ogre (D:8)
  2 catoblepae (Lair:6)
  2 death knights
  A dancing weapon (Lair:6)
  4 death yaks
  Nergalle (Lair:4)
  A skeletal warrior (D:9)
  Pikel (D:8)
  A harpy (Lair:3)
  A lindwurm (Lair:2)
  2 wolf spiders (Lair:6)
  3 orc sorcerers (Orc:2)
  A cyclops (D:11)
  A manticore (Lair:6)
  9 elephants
  6 black mambas
  An ice statue (Lair:2)
  15 cane toads
  A torpor snail (Lair:5)
  Maggie (D:9)
  A kobold demonologist (D:11)
  A yaktaur (Lair:3)
  8 komodo dragons
  4 rime drakes
  A queen bee (Lair:2)
  4 trolls
  A tarantella (Lair:6)
  2 hornets
  10 polar bears
  7 dream sheep
  22 blink frogs
  A dream sheep (shapeshifter) (Lair:6)
  3 raiju (Lair:6)
  A jumping spider (Lair:4)
  5 wyverns
  3 basilisks
  42 yaks
  2 steam dragons
  10 wargs
  A naga (Lair:3)
  20 water moccasins
  12 hell hounds (Lair:6)
  14 black bears
  9 orc warriors
  A hornet zombie (D:5)
  A sky beast (D:7)
  5 ogres
  3 necrophages
  23 wolves
  4 lemures
  2 kobold brigands
  17 bullfrogs
  A gnoll sergeant (D:11)
  4 scorpions
  A water moccasin zombie (D:5)
  A wight (D:7)
  4 killer bees
  A howler monkey (D:7)
  4 jellies
  3 centaur zombies
  A hound (D:4)
  9 orc priests
  A bullfrog skeleton (D:7)
  2 centaur skeletons (D:7)
  2 iguanas
  17 orc wizards
  A killer bee zombie (D:5)
  A hound skeleton (D:6)
  5 gnolls (D:11)
  A howler monkey skeleton (D:4)
  9 adders
  A shadow imp (D:3)
  An adder skeleton (D:4)
  2 worms
  2 dart slugs
  50 orcs
  7 endoplasms
  4 giant cockroaches
  7 goblins
  8 hobgoblins
  26 kobolds
  6 quokkas
  8 ball pythons
  3 bats
  6 frilled lizards
  6 rats
516 creatures vanquished.

Vanquished Creatures (collateral kills)
  A boulder beetle (D:9)
  A skeletal warrior (D:9)
  A cane toad (Lair:4)
  A komodo dragon (D:10)
  A yak (D:10)
  A swamp worm (D:8)
  A black bear (D:10)
  A sky beast (shapeshifter) (D:9)
  An ogre (D:5)
  A kobold brigand (D:7)
  A bullfrog (D:8)
  2 killer bees (D:8)
  An electric eel (Lair:2)
  A jelly (D:5)
  A gnoll shaman (D:10)
  An orc wizard (D:6)
  An adder zombie (D:5)
  2 orcs
20 creatures vanquished.

Vanquished Creatures (others)
  A dancing weapon (D:9)
  A blink frog (Lair:5)
  2 electric eels (Lair:5)
  2 orc priests (Orc:2)
  A bullfrog skeleton (D:7)
  2 orcs (Orc:2)
  77 fungi
  145 plants
231 creatures vanquished.

Grand Total: 767 creatures vanquished

Notes
Turn   | Place    | Note
-------+----------+-------------------------------------------
     0 | D:1      | Nothus the Barachi Fighter began the quest for the Orb.
     0 | D:1      | Reached XP level 1. HP: 18/18 MP: 1/1
   270 | D:1      | Reached XP level 2. HP: 25/25 MP: 2/2
   448 | D:1      | Upgraded the game from 0.26-a0-708-g17f3b19 to
                  | 0.29-a0-111-gbaf749a
   613 | D:2      | Found a faded altar of an unknown god.
   621 | D:2      | Reached XP level 3. HP: 25/30 MP: 3/3
   648 | D:2      | Prayed at the altar of an unknown god.
   648 | D:2      | Became a worshipper of Xom the Begetter of Discontinuities
  1061 | D:2      | Reached XP level 4. HP: 29/37 MP: 4/4
  1417 | D:2      | XOM: smoke on damage
  1419 | D:2      | Gained mutation: You tend to lose your temper in combat.
                  | [potion of mutation]
  1419 | D:2      | Gained mutation: You have a pair of small antennae on your
                  | head. [potion of mutation]
  1419 | D:2      | Gained mutation: You have hidden genetic potential. [potion
                  | of mutation]
  1716 | D:3      | Reached skill level 5 in Long Blades
  1788 | D:3      | Found an opulent altar of Gozag.
  2076 | D:3      | XOM: silly message
  2678 | D:3      | Reached XP level 5. HP: 42/42 MP: 5/5
  2726 | D:3      | Gained mutation: You have an increased reservoir of magic.
                  | (+10% MP) [hidden potential]
  2955 | D:4      | Noticed an ogre
  2957 | D:4      | XOM: divination: magic mapping
  3010 | D:4      | Killed an ogre
  3011 | D:4      | Reached XP level 6. HP: 26/48 MP: 6/6
  3150 | D:4      | XOM: silly message
  3166 | D:4      | Gained mutation: You passively map a small area around you.
                  | [hidden potential]
  3166 | D:4      | Lost mutation: You have hidden genetic potential. [hidden
                  | potential expressed]
  3238 | D:4      | XOM: potion effect (heal wounds)
  3269 | D:4      | Noticed a necrophage
  3285 | D:4      | Killed a necrophage
  3438 | D:4      | Reached XP level 7. HP: 43/54 MP: 7/7
  3570 | D:4      | XOM: silly message
  3572 | D:4      | XOM: cast spell 'Leda's Liquefaction'
  3623 | D:4      | Found a shadowy altar of Dithmenos.
  3934 | D:4      | XOM: enchant monster (good)
  3948 | D:4      | Identified a scroll of acquirement
  3948 | D:4      | Acquired the +1 hat of Weightlessness {Dex+4}
  3968 | D:4      | XOM: noise
  3978 | D:4      | Reached skill level 5 in Armour
  4496 | D:4      | XOM: give mutations
  4496 | D:4      | Gained mutation: You are clumsy. (Dex -2) [Xom's mischief]
  4496 | D:4      | Lost mutation: You have an increased reservoir of magic.
                  | (+10% MP) [Xom's mischief]
  4496 | D:4      | Gained mutation: You are frail. (-10% HP) [Xom's mischief]
  4496 | D:4      | Gained mutation: You are weak. (Str -2) [Xom's mischief]
  4759 | D:4      | XOM: cloud trail
  4776 | D:5      | Entered Level 5 of the Dungeon
  4971 | D:5      | XOM: enchant monster (bad)
  4986 | D:5      | XOM: noise
  4993 | D:5      | Upgraded the game from 0.29-a0-111-gbaf749a to
                  | 0.29-a0-113-g078de9b
  5000 | D:5      | XOM is BORED!
  5000 | D:5      | XOM: noise
  5017 | D:5      | Noticed a shadow
  5024 | D:5      | XOM: butterfly on damage
  5027 | D:5      | XOM: cast spell 'Call Canine Familiar'
  5037 | D:5      | XOM: 3-stop teleportation journey
  5406 | D:5      | XOM: summons 2 friendly demons
  5416 | D:5      | Reached XP level 8. HP: 54/54 MP: 8/8
  5649 | D:5      | Found an iron altar of Okawaru.
  5661 | D:5      | Noticed Sigmund
  5665 | D:5      | Noticed Sigmund
  5665 | D:5      | Sigmund changed into Sigmund the jelly
  5670 | D:5      | Killed Sigmund the jelly
  5713 | D:5      | XOM: god gift: scroll of teleportation
  5814 | D:5      | XOM: give mutations
  5814 | D:5      | Lost mutation: You are weak. (Str -2) [Xom's grace]
  5814 | D:5      | Gained mutation: Your skin changes colour to match your
                  | surroundings (Stealth+). [Xom's grace]
  5814 | D:5      | Lost mutation: You are clumsy. (Dex -2) [Xom's grace]
  5814 | D:5      | Gained mutation: Your muscles are strong. (Str +2) [Xom's
                  | grace]
  5850 | D:5      | XOM: scenery: summon butterflies
  5873 | D:5      | XOM: cleaving
  6073 | D:6      | Found an ornate altar of the Wu Jian Council.
  6105 | D:6      | XOM: scenery: create altars
  6188 | D:6      | XOM: god gift: 24 sling bullets
  6290 | D:6      | XOM: god gift: wand of acid (3)
  6291 | D:6      | XOM: 2-stop teleportation journey
  6465 | D:6      | XOM: divination: detect items
  6707 | D:6      | XOM: enchant monster (bad)
  6709 | D:6      | XOM: smoke on damage
  6715 | D:6      | XOM: divination: magic mapping
  6749 | D:6      | XOM: noise
  6881 | D:6      | XOM: 2-stop teleportation journey
  7107 | D:6      | Found a burning altar of Makhleb.
  7247 | D:6      | XOM: god gift: club {god gift}
  7320 | D:6      | Noticed a troll
  7323 | D:6      | Noticed a salamander
  7323 | D:6      | a troll changed into a salamander
  7493 | D:7      | Noticed a wyvern
  7496 | D:7      | XOM: butterfly on damage
  7498 | D:7      | Killed a wyvern
  7499 | D:7      | Reached skill level 5 in Fighting
  7695 | D:7      | Reached XP level 9. HP: 64/64 MP: 9/9
  7725 | D:7      | XOM: confusion
  7741 | D:7      | XOM: cleaving
  7773 | D:7      | XOM: confusion
  7834 | D:7      | XOM: give mutations
  7834 | D:7      | Lost mutation: Your muscles are strong. (Str +2) [Xom's
                  | mischief]
  7834 | D:7      | Lost mutation: You are frail. (-10% HP) [Xom's mischief]
  8184 | D:7      | Found a staircase to the Ecumenical Temple.
  8293 | D:7      | Noticed a hornet
  8293 | D:7      | XOM: stat loss: -1 Dex (19/20)
  8296 | D:7      | Paralysed by a hornet for 2 turns
  8437 | D:7      | XOM is BORED!
  8437 | D:7      | XOM: noise
  8527 | D:7      | Noticed Harold
  8533 | D:7      | XOM: 7-stop teleportation journey
  8572 | D:7      | Killed Harold
  8573 | D:7      | Reached skill level 10 in Fighting
  8573 | D:7      | Reached skill level 5 in Evocations
  8590 | D:7      | Killed a hornet
  8770 | D:7      | XOM: god gift: staff of cold
  8829 | Temple   | Entered the Ecumenical Temple
  8928 | Temple   | XOM: silly message
  8997 | D:8      | XOM: noise
  8997 | D:8      | Noticed Erica
  9002 | D:8      | Noticed Erica
  9002 | D:8      | Erica changed into Erica the moth of wrath
  9004 | D:8      | XOM: cleaving
  9008 | D:8      | Noticed Erica
  9008 | D:8      | Erica the moth of wrath changed into Erica the swamp worm
  9008 | D:8      | XOM: polymorph Erica the moth of wrath -> Erica the swamp
                  | worm
  9014 | D:8      | Killed Erica the swamp worm
  9015 | D:8      | Reached XP level 10. HP: 60/85 MP: 7/10
  9016 | D:8      | Noticed a two-headed ogre
  9452 | D:7      | XOM: give mutations
  9452 | D:7      | Gained mutation: You occasionally shout uncontrollably at
                  | your foes. [Xom's mischief]
  9452 | D:7      | Lost mutation: You occasionally shout uncontrollably at
                  | your foes. [Xom's mischief]
  9452 | D:7      | Gained mutation: You sometimes lose the ability to read
                  | scrolls when taking damage. [Xom's mischief]
  9468 | D:8      | Noticed Pikel
  9486 | D:8      | XOM: fake destruction
  9487 | D:8      | XOM: potion effect (brilliance)
  9501 | D:7      | XOM: noise
  9676 | D:7      | XOM: scenery: 1 doors close
  9694 | D:8      | XOM: summons friendly white imp
  9695 | D:8      | XOM: confusion (+ monsters)
  9702 | D:8      | Killed Pikel
  9705 | D:8      | Killed a two-headed ogre
  9951 | D:8      | XOM: 4-stop teleportation journey
 10286 | D:9      | XOM: polymorph hornet -> black bear
 10292 | D:9      | Noticed Maggie
 10306 | D:9      | Killed Maggie
 10307 | D:9      | Reached skill level 10 in Evocations
 10518 | D:9      | XOM: god gift: 11 stones
 10622 | D:9      | Noticed a boulder beetle
 10622 | D:9      | Noticed a skeletal warrior
 10622 | D:9      | Noticed a death knight
 10625 | D:9      | XOM: confuse monster(s)
 10628 | D:9      | XOM: summons friendly ufetubus
 10636 | D:9      | Killed a skeletal warrior
 10637 | D:9      | Reached skill level 10 in Long Blades
 10637 | D:9      | Killed a death knight
 10637 | D:9      | Noticed a seven-headed hydra
 10638 | D:9      | Reached XP level 11. HP: 34/90 MP: 4/11
 10638 | D:9      | Noticed a brown ugly thing
 10639 | D:9      | Noticed a boulder beetle
 10641 | D:9      | XOM: summons friendly shadow imp
 10642 | D:9      | XOM: scenery: 1 doors open
 10642 | D:9      | Noticed a cyclops
 10643 | D:9      | Killed a two-headed hydra
 10984 | D:9      | XOM: polymorph orc wizard -> shapeshifter
 10986 | D:9      | XOM: enchant monster (good)
 10989 | D:9      | Noticed a skeletal warrior
 11000 | D:9      | Killed a skeletal warrior
 11022 | D:9      | Killed a boulder beetle
 11111 | D:9      | XOM: summons 7 friendly demons
 11120 | D:9      | XOM: confuse monster(s)
 11127 | D:9      | Killed a boulder beetle
 11219 | D:9      | XOM: draining
 11254 | D:9      | Noticed a centaur warrior
 11268 | D:9      | Noticed a white ugly thing
 11272 | D:9      | Killed a centaur warrior
 11508 | D:9      | XOM: summons 2 hostile shadow creatures
 11693 | D:8      | XOM: silly message
 11795 | D:8      | Upgraded the game from 0.29-a0-113-g078de9b to
                  | 0.29-a0-115-g5b5bac9
 11889 | D:9      | XOM: give mutation
 11889 | D:9      | Gained mutation: Your body sometimes deteriorates upon
                  | taking damage. [Xom's mischief]
 11909 | D:10     | Entered Level 10 of the Dungeon
 11921 | D:10     | Identified the +4 chain mail of Indemnity {+Blink}
 11930 | D:10     | Found a staircase to the Lair.
 11930 | D:10     | XOM: 7-stop teleportation journey
 12076 | D:10     | XOM: scenery: 1 doors close
 12197 | D:10     | XOM: potion effect (might)
 12204 | D:10     | XOM: cast spell 'Summon Hydra'
 12212 | D:10     | Reached skill level 10 in Armour
 12238 | D:10     | XOM: 2-stop teleportation journey
 12490 | D:10     | XOM: destruction
 12752 | Lair:1   | Entered Level 1 of the Lair of Beasts
 12762 | Lair:1   | Noticed a six-headed hydra
 12773 | Lair:1   | Killed a one-headed hydra
 12850 | Lair:1   | Noticed a four-headed hydra
 12861 | Lair:1   | Killed a one-headed hydra
 12862 | Lair:1   | Reached XP level 12. HP: 97/97 MP: 12/12
 13239 | Lair:1   | XOM: snakes to sticks
 13457 | Lair:1   | XOM: 4-stop teleportation journey
 13458 | Lair:1   | XOM: cast spell 'Necromutation'
 13658 | Lair:1   | XOM is BORED!
 13658 | Lair:1   | XOM: summons 2 hostile demons
 14016 | Lair:2   | Reached skill level 5 in Throwing
 14031 | Lair:2   | XOM: enchant monster (good)
 14040 | Lair:2   | XOM: polymorph komodo dragon -> queen bee
 14048 | Lair:2   | You fall into a shaft and drop 1 floor!
 14054 | Lair:3   | XOM: summons friendly quasit
 14058 | Lair:3   | XOM: polymorph cane toad -> harpy
 14062 | Lair:3   | XOM: divination: detect creatures
 14083 | Lair:3   | Noticed a six-headed hydra
 14343 | Lair:4   | Lost mutation: You tend to lose your temper in combat.
                  | [potion of mutation]
 14343 | Lair:4   | Lost mutation: You have a pair of small antennae on your
                  | head. [potion of mutation]
 14343 | Lair:4   | Lost mutation: Your body sometimes deteriorates upon taking
                  | damage. [potion of mutation]
 14343 | Lair:4   | Gained mutation: Armour fits poorly on your strangely
                  | shaped body. [potion of mutation]
 14343 | Lair:4   | Gained mutation: You are agile. (Dex +2) [potion of
                  | mutation]
 14343 | Lair:4   | Gained mutation: You are weak. (Str -2) [potion of
                  | mutation]
 14343 | Lair:4   | Gained mutation: You are very agile. (Dex +4) [potion of
                  | mutation]
 14355 | Lair:4   | XOM: summons friendly crimson imp
 14392 | Lair:4   | XOM: scenery: create altars
 14397 | Lair:4   | XOM: chaos cloud
 14402 | Lair:4   | Paralysed by you for 7 turns
 14849 | Lair:3   | Noticed a four-headed hydra
 14854 | Lair:3   | Killed a two-headed hydra
 14898 | Lair:3   | Killed a three-headed hydra
 14919 | Lair:3   | XOM: silly message
 14923 | Lair:3   | XOM: silly message
 14980 | Lair:3   | XOM: stat loss: -1 Str (21/22)
 15176 | Lair:3   | XOM: fog
 15177 | Lair:3   | XOM: 2-stop teleportation journey
 15192 | Lair:3   | XOM: polymorph yak -> yaktaur
 15233 | Lair:3   | XOM: scenery: summon butterflies
 15239 | Lair:3   | Gained mutation: You can hop long distances. [Barachi
                  | growth]
 15239 | Lair:3   | Reached XP level 13. HP: 61/103 MP: 9/13
 15244 | Lair:3   | XOM: 1-stop teleportation journey
 15264 | Lair:3   | HP: 4/103 [boulder beetle (28)]
 15270 | Lair:2   | HP: 5/103 [lindwurm/blast of flame (35)]
 15280 | Lair:2   | XOM: chaos cloud
 15288 | Lair:2   | XOM: divination: detect creatures
 15300 | Lair:2   | You fall into a shaft and drop 1 floor!
 15336 | Lair:3   | XOM: 2-stop teleportation journey
 15337 | Lair:3   | XOM: scenery: create altars
 15338 | Lair:3   | XOM: blink monster(s)
 15690 | Lair:3   | Identified the +6 war axe of Lahess {spect, Fragile Fly
                  | rPois}
 15735 | Lair:3   | Found a staircase to the Snake Pit.
 15844 | Lair:3   | XOM: torment (53/103 hp)
 16229 | Lair:3   | XOM: silly message
 16312 | Lair:2   | Identified the +11 scimitar of Vidovoesyq {spect, Fragile
                  | Will++ Str+3}
 16320 | Lair:2   | XOM: 1-stop teleportation journey
 16322 | Lair:2   | XOM: polymorph water moccasin -> ogre
 16610 | Lair:1   | XOM: summons 7 hostile demons
 16617 | Lair:1   | XOM: fog
 16634 | Lair:1   | Reached skill level 10 in Throwing
 16678 | Lair:1   | XOM: scenery: 1 doors open
 16929 | Lair:1   | Upgraded the game from 0.29-a0-115-g5b5bac9 to
                  | 0.29-a0-121-g8efb068
 16948 | Lair:2   | XOM: 4-stop teleportation journey
 17074 | Lair:2   | XOM: confuse monster(s)
 17080 | Lair:2   | XOM: give mutations
 17080 | Lair:2   | Lost mutation: You are weak. (Str -2) [Xom's grace]
 17080 | Lair:2   | Gained mutation: You have a pair of small horns on your
                  | head. [Xom's grace]
 17160 | Lair:1   | XOM: noise
 17566 | Lair:2   | XOM: summons 6 friendly demons
 17847 | Lair:2   | Found a staircase to the Swamp.
 18134 | Lair:2   | XOM: give mutations
 18134 | Lair:2   | Gained mutation: You are dopey. (Int -2) [Xom's mischief]
 18134 | Lair:2   | Lost mutation: You are dopey. (Int -2) [Xom's mischief]
 18134 | Lair:2   | Gained mutation: Your body sometimes deteriorates upon
                  | taking damage. [Xom's mischief]
 18134 | Lair:2   | Gained mutation: You are resistant to electric shocks.
                  | (rElec) [Xom's mischief]
 18139 | Lair:2   | Identified the amulet of Ukhaoquf {Regen+ Str+4}
 18141 | Lair:2   | Identified the ring of Wocytwah {rElec rF+}
 18326 | Lair:2   | Reached skill level 5 in Shields
 18353 | Lair:2   | XOM: scenery: summon butterflies
 18573 | Lair:4   | XOM: polymorph dream sheep -> jumping spider
 18668 | Lair:4   | XOM: cloud trail
 18704 | Lair:4   | Identified the +8 spear of Carved Offence {freeze, rElec
                  | Int+2}
 18780 | Lair:4   | Noticed Nergalle
 18793 | Lair:4   | Killed Nergalle
 18871 | Lair:4   | XOM is BORED!
 18871 | Lair:4   | XOM: give mutations
 18871 | Lair:4   | Lost mutation: You are resistant to electric shocks.
                  | (rElec) [Xom's mischief]
 18871 | Lair:4   | Gained mutation: You are dopey. (Int -2) [Xom's mischief]
 18871 | Lair:4   | Gained mutation: Your movements are slightly less
                  | encumbered by armour. (ER -2) [Xom's mischief]
 19004 | Lair:4   | XOM: god gift: 4 silver javelins
 19055 | Lair:4   | Found the +3 Elemental Staff {rElec rF++ rC++ AC+5}
 19055 | Lair:4   | XOM: 3-stop teleportation journey
 19489 | Lair:5   | XOM: scenery: summon butterflies
 19493 | Lair:5   | XOM: confuse monster(s)
 19642 | Lair:5   | XOM: summons friendly shadow imp
 19738 | Lair:5   | XOM: noise
 19815 | Lair:5   | XOM: scenery: summon butterflies
 19820 | Lair:5   | XOM: destruction
 20275 | Lair:6   | Entered Level 6 of the Lair of Beasts
 20278 | Lair:6   | XOM: enchant monster (good)
 20312 | Lair:6   | Found a runed translucent door.
 20353 | Lair:5   | Reached skill level 10 in Shields
 20353 | Lair:5   | Reached XP level 14. HP: 52/110 MP: 14/14
 20434 | Lair:5   | XOM: stat loss: -1 Str (27/28)
 20443 | Lair:6   | Found a staircase to the Slime Pits.
 20457 | Lair:6   | XOM: noise
 20543 | Lair:6   | XOM: summons 8 hostile demons
 20544 | Lair:6   | XOM: fog
 20555 | Lair:6   | XOM: smoke on damage
 20701 | Lair:6   | Found a shimmering altar of Xom.
 20701 | Lair:6   | Noticed AlexanderH's ghost (journeyman DrIE)
 20702 | Lair:6   | XOM: polymorph yak -> tarantella
 20713 | Lair:6   | XOM: 1-stop teleportation journey
 20718 | Lair:6   | XOM: potion effect (curing)
 20735 | Lair:6   | XOM: cast spell 'Cause Fear'
 20768 | Lair:6   | XOM: god gift: 3 javelins
 20777 | Lair:6   | Identified the +7 dagger of Brawling {drain, *Noise Drain
                  | rC+ Int+8}
 20895 | Lair:6   | XOM: confuse monster(s)
 21008 | Lair:6   | XOM: god gift: pair of boots {god gift}
 21335 | Lair:6   | Reached skill level 1 in Dodging
 21434 | Lair:6   | XOM: confuse monster(s)
 21598 | Lair:6   | XOM: summons 4 friendly demons
 21600 | Lair:6   | XOM: scenery: summon butterflies
 21641 | Lair:6   | XOM: confuse monster(s)
 21652 | Lair:6   | XOM: polymorph elephant -> shapeshifter
 21679 | Lair:6   | Got the Compendium of Companions
 21872 | Lair:6   | Reached skill level 5 in Dodging
 21887 | Lair:6   | XOM: divination: magic mapping
 22253 | Lair:6   | Killed AlexanderH's ghost
 22254 | Lair:6   | Reached XP level 15. HP: 85/115 MP: 15/15
 22515 | D:11     | Found a staircase to the Orcish Mines.
 22914 | Orc:1    | XOM: stealth player
 22914 | Orc:1    | Entered Level 1 of the Orcish Mines
 22943 | Orc:1    | XOM: 3-stop teleportation journey
 23047 | Orc:2    | Entered Level 2 of the Orcish Mines
 23129 | Orc:2    | Found Tunaq's Weapon Shop.
 23319 | Orc:2    | Found a staircase to the Elven Halls.
 23519 | Orc:2    | XOM: stat loss: -1 Str (33/34)
 23646 | Orc:2    | XOM: 2-stop teleportation journey
 23812 | Orc:2    | XOM: noise
 23816 | Orc:2    | XOM: confuse monster(s)
 23819 | Orc:2    | XOM: divination: detect creatures
 23821 | Orc:2    | Noticed an orc warlord
 23822 | Orc:2    | Paralysed by an orc sorcerer for 2 turns
 23836 | Orc:2    | XOM: blink monster(s)
 23840 | Orc:2    | XOM: enchant monster (bad)
 23840 | Orc:2    | Paralysed by an orc sorcerer for 7 turns
 23854 | Orc:2    | XOM: summons friendly shadow imp
 23854 | Orc:2    | Mangled by an orc warlord

Illustrated notes

Levels and vault maps discovered:
D:1:      tarquinn_simple_flora_water_a, layout_basic
D:2:      layout_rooms, ebering_ecumenical_altar_webs, minmay_octomino_j4
D:3:      layout_basic, mainiacjoe_overflow_six_doors_small,
          portal_sewer_entry_f, serial_bayou_pond_b
D:4:      kennysheep_kobold_camp, layout_basic, general_overflow_altar,
          grunt_decor_junction, chequers_serial_rivers_micro_c,
          amcnicky_mini_rare_corridor_liquid, chequers_decorated_corner
D:5:      layout_basic, mainiacjoe_overflow_cross_hatched, uniq_sigmund
D:6:      layout_cave_pods, makhleb_blood_cavern_becter, kennysheep_mini,
          moated_statue, minmay_misc_feat_rows
D:7:      layout_loops_ring, temple_fountains, minmay_joined_circles,
          uniq_harold
D:8:      layout_cave_pools, uniq_erica, uniq_pikel
D:9:      layout_irregular_city, hangedman_abyss_or_decor_lesser_grid,
          minivault_28, uniq_maggie
D:10:     layout_roguey, due_lair_maze_entry_diamond
D:11:     layout_rooms, orc_0_dummy, grunt_decor_arrowhead,
          chequers_serial_rivers_small_3
Temple:   regret_index_temple_generic_petals
Lair:1:   layout_regular_city, beast_lair_carwin_10, grunt_megastairs_2
Lair:2:   statuecave_lemuel, layout_regular_city, swamp_mist,
          hangedman_lair_generics_rect, grunt_megastairs_3
Lair:3:   layout_cave_shapes, guppyfry_snake_entry_garden, serial_bayou_shore_a,
          grunt_megastairs_5
Lair:4:   layout_concentric_octagons, uniq_nergalle
Lair:5:   layout_loops_ring, serial_bayou_lake_a
Lair:6:   hangedman_lair_caniforms_friends, layout_long_grid, slime_dummy,
          ebering_ghost_xom, chequers_serial_rivers_large_b,
          nicolae_lair_run_with_the_wolves
Orc:1:    layout_diamond_mine
Orc:2:    grunt_orc_community_town_hall, layout_caves,
          grunt_orc_community_big_house_1, grunt_orc_community_big_house_2,
          grunt_orc_community_house_3, grunt_orc_community_house_3,
          grunt_orc_community_house_1, grunt_orc_community_house_3,
          grunt_orc_community_house_1

Skill      XL: |  1  2  3  4  5  6  7  8  9 10 11 12 13 14 15 |
---------------+----------------------------------------------+-----
Fighting       | 4 7 10 | 10.0
Long Blades    | 3 4 5 7 8 9 11 14 | 14.0
Armour         | 6 9 11 13 14 | 14.0
Evocations     | 6 10 | 10.0
Throwing       | 3 8 10 | 10.0
Shields        | 10 14 | 14.0
Dodging        | 6 9 |  9.1

Action                   |  1- 3 |  4- 6 |  7- 9 | 10-12 | 13-15 || total
-------------------------+-------+-------+-------+-------+-------++-------
Melee: Long sword        |    71 |   142 |   342 |     3 |       ||   558
       Scimitar          |       |       |       |   404 |   751 ||  1155
       Unarmed           |       |       |       |     1 |       ||     1
       Headbutt          |       |       |       |       |   171 ||   171
       War axe           |       |       |       |       |    25 ||    25
Throw: Boomerang         |    30 |    30 |    42 |    86 |   211 ||   399
       Throwing net      |       |       |       |     1 |     3 ||     4
       Javelin           |       |       |       |       |     2 ||     2
 Abil: Hop               |       |     1 |     3 |     5 |     8 ||    17
       Evoke Blink       |       |       |       |     2 |     9 ||    11
Evoke: Wand              |       |       |    22 |    10 |     2 ||    34
       Condenser vane    |       |       |       |       |     1 ||     1
  Use: Scroll            |       |     5 |     4 |    16 |     9 ||    34
       Potion            |       |     2 |     4 |     3 |    12 ||    21
 Stab: Petrified         |       |       |     4 |       |     5 ||     9
       Petrifying        |       |       |     1 |       |       ||     1
       Paralysed         |       |       |     1 |       |       ||     1
       Confused          |       |       |       |     2 |     5 ||     7
       Distracted        |       |       |       |     1 |     1 ||     2
       Invisible         |       |       |       |     1 |       ||     1
       Sleeping          |       |       |       |       |     1 ||     1
Armor: Scale mail        |    25 |    67 |    42 |       |       ||   134
       Chain mail        |       |       |    72 |   164 |   279 ||   515
Dodge: Dodged            |    14 |    38 |    74 |   103 |   208 ||   437
Block: Kite shield       |    24 |    68 |   147 |   193 |   456 ||   888
       Rpst.: Long sword |     1 |       |       |       |       ||     1

Table legend: (Time is in decaauts)
 A = Elapsed time spent in this place.
 B = Non-inter-level travel time spent in this place.
 C = Inter-level travel time spent in this place.
 D = Time resting spent in this place.
 E = Time spent auto-exploring this place.
 F = Levels seen in this place.
 G = Mean time per level.
                   A        B        C        D        E       F      G
               +--------+--------+--------+--------+--------+-----+--------+
         Total |  26420 |  25454 |    966 |   6959 |  12200 |  20 | 1321.0 |
       Dungeon |  14619 |  14179 |    440 |   3816 |   7027 |  11 | 1329.0 |
        Temple |    176 |    161 |     15 |      0 |    138 |   1 |  176.0 |
          Lair |  10562 |  10070 |    492 |   3138 |   4352 |   6 | 1760.3 |
  Orcish Mines |   1061 |   1043 |     18 |      3 |    682 |   2 |  530.5 |
               +--------+--------+--------+--------+--------+-----+--------+

Top non-repeatable levels by time:
  Lair:1: 2222 daAuts
     D:7: 2065 daAuts
     D:4: 2053 daAuts
  Lair:6: 2020 daAuts
  Lair:4: 1776 daAuts
     D:9: 1707 daAuts
  Lair:3: 1698 daAuts
  Lair:2: 1698 daAuts
     D:6: 1621 daAuts
     D:3: 1599 daAuts
     D:5: 1278 daAuts
  Lair:5: 1146 daAuts
     D:2: 1014 daAuts
    D:10: 989 daAuts
   Orc:2: 911 daAuts
